 Seeded DCSS version 0.30.1-4-g462c640d31 (webtiles) character file.

Game seed: 6351066067085065685 (custom seed)

1124 Esekla the Thaumaturge (level 8, 0/41 HPs)
             Began as a Deep Elf Wanderer on Sept 18, 2023.
             Was a Believer of Vehumet.
             Slain by Pikel
             ... wielding a +1 whip of flaming
              (11 damage)
             ... on level 6 of the Dungeon.
             The game lasted 00:34:35 (5324 turns).

Esekla the Thaumaturge (Deep Elf Wanderer)          Turns: 5324, Time: 00:34:36

Health: 0/41       AC:  4    Str: 11    XL:     8   Next: 13%
Magic:  10/22      EV: 13    Int: 21    God:    Vehumet [**....]
Gold:   325        SH:  4    Dex: 14    Spells: 14/24 levels left

rFire   . . .        s - +5 rapier of the Hero {heavy, rN+ Dex+3}
rCold   . . .        d - +0 buckler
rNeg    + . .        F - +0 robe
rPois   .            l - +0 helmet
rElec   .            (no cloak)
rCorr   .            k - +0 pair of gloves
SInv    .            (no boots)
Will    .....        B - amulet of magic regeneration
Stlth   ++           (no ring)
HPRegen 0.26/turn    (no ring)
MPRegen 0.58/turn

%: no passive effects
@: brilliant, marked
A: no striking features
a: Renounce Religion


You were on level 6 of the Dungeon.
You worshipped Vehumet.
Vehumet was pleased with you.
You visited 1 branch of the dungeon, and saw 6 of its levels.

You collected 325 gold pieces.

Inventory:

Hand Weapons
 a - a +2 vampiric dagger
 c - a +0 scimitar
 r - a +0 trident
 s - the +5 rapier of the Hero (weapon) {heavy, rN+ Dex+3}
   (You found it on level 3 of the Dungeon)

   Dex:       It affects your dexterity (+3).
   rN:        It protects you from negative energy.
Missiles
 x - 9 poisoned darts (quivered)
Armour
 d - a +0 buckler (worn)
 k - a +0 pair of gloves (worn)
 l - a +0 helmet (worn)
 F - a +0 robe (worn)
Jewellery
 B - an amulet of magic regeneration (around neck)
Wands
 v - a wand of roots (15)
 C - a wand of flame (15)
Scrolls
 f - 3 scrolls of fear {unknown}
 g - 5 scrolls of identify {unknown}
 n - a scroll of enchant armour {unknown}
 o - 2 scrolls of amnesia {unknown}
 p - a scroll of immolation {unknown}
 q - 2 scrolls of blinking {unknown}
 u - 2 scrolls of fog {unknown}
 y - 3 scrolls of enchant weapon {unknown}
 z - a scroll of summoning {unknown}
 A - a scroll of magic mapping {unknown}
 D - a scroll of silence {unknown}
 E - a scroll of teleportation {unknown}
Potions
 b - 2 potions of lignification
 e - 2 potions of ambrosia {unknown}
 h - 2 potions of heal wounds {unknown}
 i - 5 potions of curing {unknown}
 j - 2 potions of attraction {unknown}
 m - a potion of mutation {unknown}
 t - 2 potions of brilliance
 w - a potion of haste {unknown}


   Skills:
 + Level 2.5 Short Blades
 + Level 1.5 Throwing
 * Level 5.3 Dodging
 + Level 2.3 Stealth
 * Level 2.3 Shields
 * Level 8.6 Spellcasting
 + Level 0.9 Conjurations
 * Level 4.0 Necromancy
 + Level 3.2 Translocations
 + Level 1.0 Invocations


You had 14 spell levels left.
You knew the following spells:

 Your Spells              Type           Power      Damage    Failure   Level
a - Magic Dart            Conj           76%        1d6       7%          1
b - Blink                 Tloc           68%        N/A       4%          2
d - Vampiric Draining     Necr           39%        2d8       6%          3
p - Apportation           Tloc           68%        N/A       2%          1
t - Teleport Other        Tloc           34%        N/A       9%          3

Your spell library contained the following spells:

 Spells                   Type           Power      Damage    Failure   Level
 Volatile Blastmotes      Fire/Tloc      46%        2d13      16%         3
 Lesser Beckoning         Tloc           68%        N/A       4%          2
 Gell's Gravitas          Tloc           34%        N/A       9%          3
 Ignite Poison            Fire/Tmut/Pois 13%        N/A       32%         3
 Spider Form              Tmut/Pois      13%        N/A       32%         3
 Cause Fear               Hex            6%         N/A       71%         4
 Summon Mana Viper        Hex/Summ       13%        N/A       96%         5


Dungeon Overview and Level Annotations

Branches:
Dungeon (6/15)             Temple (0/1) D:6

Altars:
Dithmenos
Hepliaklqana
Okawaru
Qazlal
Trog
Vehumet
Zin
The Shining One

Shops:
D:2 =   D:4 (

Annotations:
D:6 Pikel


Message History

You draw life force from the hound!
You feel life coursing into your body. The hound bites you but does no damage.
Casting: Vampiric Draining (dangerous; 6% risk of failure)
Confirm with . or Enter, or press ? or * to list all spells.
Aiming: Vampiric Draining (dangerous; 6% risk of failure)
Press: ? - help, Shift-Dir - straight line, f/p - hound
Aim: a hound (heavily wounded)
You draw life force from the hound!
You kill the hound!
Vehumet accepts your kill.
You feel your power returning.
You feel life coursing into your body.
Pikel, Merchant of Souls comes into view.
He is wielding a +1 whip of flaming and carrying a wand of roots (7).
Pikel zaps a wand.
The roots erupt in riotous growth!
The grasping roots grab you!
Pikel is unaffected.
The grasping roots constrict you.
It was a potion of brilliance.
You feel clever all of a sudden.
Pikel hits you with a +1 whip of flaming.
Pikel burns you. The grasping roots constrict you!
* * * LOW HITPOINT WARNING * * *
A lemure comes into view.
Casting: Vampiric Draining (dangerous; 6% risk of failure)
Confirm with . or Enter, or press ? or * to list all spells.
Aiming: Vampiric Draining (dangerous; 6% risk of failure)
Press: ? - help, Shift-Dir - straight line, f - Pikel
Aim: Pikel, wielding a +1 whip of flaming, wearing a +0 robe and carrying a wand of roots (6)
You feel a surge of power!
You draw life force from Pikel!
You feel life coursing into your body. Pikel closely misses you.
The grasping roots constrict you.
* * * LOW HITPOINT WARNING * * *
The grasping roots release their grip on you.
Casting: Vampiric Draining (dangerous; 6% risk of failure)
Confirm with . or Enter, or press ? or * to list all spells.
Aiming: Vampiric Draining (dangerous; 6% risk of failure)
Press: ? - help, Shift-Dir - straight line, f/p - Pikel
Aim: Pikel, wielding a +1 whip of flaming, wearing a +0 robe and carrying a wand of roots (6) (lightly wounded)
You feel a surge of power!
You draw life force from Pikel!
You feel life coursing into your body.
Pikel hits you with a +1 whip of flaming!
You die...

........# #......#[.....#######.
#.#####.# ########<........#....
##.## ###.#####.#.###
#...############.#####.#.###
#...##.>.†..#.......##...#..
#........##.#.#...#.######.#
#####...##.#.5#[#............#.#
##............#...............#.#
.............###@#............#>#
##..........).#K.#............#.#
#####........5###............#..
#...####### #)##############
#...# #.########### # #...#
#...........# # ##.##
#.#...#.###.#### #.#
#.....#......... #.
################


You could see Pikel and 2 lemures.

Vanquished Creatures
  An ice beast (D:6)
  A sky beast (D:6)
  A black bear (D:2)
  An ogre (D:5)
  Blork the orc (D:6)
  2 scorpions (D:5)
  5 hounds
  A sleepcap (D:5)
  5 iguanas
  9 gnolls
  9 adders
  2 white imps
  An ufetubus (D:6)
  A worm (D:4)
  3 dart slugs
  11 orcs
  6 ball pythons
  4 endoplasms
  8 goblins
  5 hobgoblins
  A quokka (D:1)
  4 bats
  4 frilled lizards
  4 kobolds
  A rat (D:2)
91 creatures vanquished.

Notes
Turn   | Place    | Note
-------+----------+-------------------------------------------
     0 | D:1      | Esekla the Deep Elf Wanderer began the quest for the Orb.
     0 | D:1      | Esekla set off with the following items: a +0 club, a
                  | potion of lignification, a +0 robe, a +0 buckler; and the
                  | following spells available to memorise: Apportation, Blink,
                  | Lesser Beckoning, Magic Dart, Ignite Poison, Vampiric
                  | Draining.
     0 | D:1      | Reached XP level 1. HP: 10/10 MP: 7/7
     2 | D:1      | Learned a level 1 spell: Magic Dart
     4 | D:1      | Learned a level 1 spell: Apportation
   261 | D:2      | Found Renulab's Jewellery Shop.
   443 | D:4      | Found a radiant altar of Vehumet.
   454 | D:4      | Found an iron altar of Okawaru.
   466 | D:4      | Found a glowing silver altar of Zin.
   552 | D:4      | Became a worshipper of Vehumet
   657 | D:3      | Reached XP level 2. HP: 15/15 MP: 4/9
   779 | D:3      | Reached skill level 5 in Spellcasting
   929 | D:3      | Identified the +5 rapier of the Hero {heavy, rN+ Dex+3}
                  | (You found it on level 3 of the Dungeon)
  1057 | D:2      | Reached skill level 1 in Dodging
  1123 | D:1      | Reached XP level 3. HP: 8/19 MP: 11/11
  1127 | D:1      | Learned a level 3 spell: Vampiric Draining
  1130 | D:1      | Learned a level 2 spell: Blink
  1379 | D:1      | Reached * piety under Vehumet
  1379 | D:1      | Offered knowledge of Foxfire by Vehumet.
  2016 | D:2      | Reached skill level 1 in Short Blades
  2016 | D:2      | Reached XP level 4. HP: 19/24 MP: 9/13
  2234 | D:2      | Found a faded altar of an unknown god.
  2303 | D:2      | Noticed a black bear
  2508 | D:3      | Found a stormy altar of Qazlal.
  2560 | D:3      | Reached skill level 1 in Necromancy
  2567 | D:3      | Reached XP level 5. HP: 23/28 MP: 11/15
  2597 | D:3      | Found a bloodstained altar of Trog.
  2600 | D:3      | Found a hazy altar of Hepliaklqana.
  2740 | D:4      | Found Ponaysk's Antique Weapon Boutique.
  2878 | D:4      | Found a glowing golden altar of the Shining One.
  3252 | D:5      | Entered Level 5 of the Dungeon
  3255 | D:5      | Got the Parchment of the Lumpy Olives
  3269 | D:5      | Found a shadowy altar of Dithmenos.
  3362 | D:5      | Reached skill level 6 in Spellcasting
  3362 | D:5      | Reached XP level 6. HP: 25/32 MP: 3/17
  3457 | D:5      | Reached skill level 1 in Throwing
  3531 | D:5      | Offered knowledge of Static Discharge by Vehumet.
  3654 | D:5      | Reached ** piety under Vehumet
  3980 | D:5      | Reached skill level 7 in Spellcasting
  3980 | D:5      | Reached XP level 7. HP: 30/36 MP: 17/19
  4839 | D:5      | Reached skill level 5 in Dodging
  4975 | D:6      | Noticed Blork the orc
  4992 | D:6      | Killed Blork the orc
  4993 | D:6      | Reached skill level 8 in Spellcasting
  5134 | D:6      | Found a staircase to the Ecumenical Temple.
  5275 | D:5      | Learned a level 3 spell: Teleport Other
  5316 | D:6      | Offered knowledge of Volatile Blastmotes by Vehumet.
  5317 | D:6      | Reached XP level 8. HP: 16/41 MP: 15/22
  5319 | D:6      | Noticed Pikel
  5324 | D:6      | Slain by Pikel

Illustrated notes

Levels and vault maps discovered:
D:1:      sevenhm_arrival_forest_fort_small_3, layout_rooms,
          chequers_serial_rivers_room_b, minmay_misc_feat_five
D:2:      layout_loops_ring, dreamdust_ecumenical_altar_angels_and_demons,
          serial_shops, shop
D:3:      layout_basic, grunt_temple_overflow_open, minmay_misc_feat_iff
D:4:      layout_basic, nicolae_overflow_quartered_altars, serial_shops,
          nicolae_diamond_shop
D:5:      layout_loops_ring, lemuel_doored_altar, minmay_misc_feat_rows,
          dreamdust_wishing_well
D:6:      layout_loops_cross, fedhas_altar_fruit_tree,
          minmay_temple_entry_glass, uniq_pikel, uniq_blork_the_orc

Skill      XL: |  1  2  3  4  5  6  7 |
---------------+----------------------+-----
Spellcasting   | 5 6 7 8 |  8.6
Dodging        | 1 3 4 5 |  5.3
Short Blades   | 1 2 |  2.5
Necromancy     | 1 2 4 |  4.0
Throwing       | 1 |  1.5
Translocations | 3 |  3.2
Stealth        | 2 |  2.3
Shields        | 2 |  2.3
Conjurations   | |  0.9
Invocations    | |  1.0

Action                     |  1- 3 |  4- 6 |  7- 9 || total
---------------------------+-------+-------+-------++-------
  Melee: Short sword       |    61 |    80 |       ||   141
         Rapier            |     1 |    24 |    24 ||    49
         Dagger            |       |    15 |    17 ||    32
  Throw: Dart              |       |    11 |    19 ||    30
   Cast: Magic Dart        |    57 |    31 |    15 ||   103
         Apportation       |    26 |    32 |     5 ||    63
         Vampiric Draining |     2 |    23 |    22 ||    47
         Blink             |     1 |     1 |     2 ||     4
    Use: Potion            |       |       |     1 ||     1
   Stab: Sleeping          |     1 |     4 |       ||     5
 Armour: Robe              |    27 |    16 |    18 ||    61
  Dodge: Dodged            |    39 |    83 |    37 ||   159
  Block: Buckler           |     8 |    21 |    10 ||    39
